 Dungeon Crawl Stone Soup version 0.22-a0-374-g5dfd9e3 (webtiles) character file.

493 sankara the Chiller (level 6, -4/41 HPs)
             Began as a Mummy Ice Elementalist on Apr 26, 2018.
             Shot with an arrow by a centaur (6 damage)
             ... on level 6 of the Dungeon.
             The game lasted 00:19:53 (4465 turns).

sankara the Chiller (Mummy Ice Elementalist)        Turns: 4465, Time: 00:19:54

Health: -4/41      AC:  3    Str: 11    XL:     6   Next: 92%
Magic:  10/10      EV: 12    Int: 17    God:
Gold:   254        SH:  0    Dex: 12    Spells: 6/10 levels left

rFire    x . .     SeeInvis .   b - +0 hunting sling
rCold    + . .     Gourm    .   (no shield)
rNeg     + + +     Faith    .   c - +0 robe
rPois    ∞         Spirit   .   (no helmet)
rElec    .         Reflect  .   n - +0 cloak (curse)
rCorr    .         Harm     .   (no gloves)
MR       .....                  (no boots)
Stlth    +++.......             (no amulet)
HPRegen  0.13/turn              (no ring)
MPRegen  0.12/turn              (no ring)

@: very slightly contaminated
A: no food or potions, fire vulnerability, cold resistance 1, negative energy
resistance 3, torment resistance, unbreathing
a: no special abilities


You were on level 6 of the Dungeon.
You were not hungry.

You visited 1 branch of the dungeon, and saw 7 of its levels.

You collected 254 gold pieces.

Inventory:

Hand Weapons
 a - a +0 dagger
   (You took it off a goblin on level 3 of the Dungeon)
 b - a +0 hunting sling (weapon)
   (You took it off a goblin on level 3 of the Dungeon)
 i - a +0 long sword
   (You found it on level 3 of the Dungeon)
 k - a +0 dagger of draining
   (You took it off an orc wizard on level 4 of the Dungeon)
Missiles
 e - 176 stones
 f - 8 tomahawks
 g - 8 javelins
 l - 8 sling bullets (quivered)
Armour
 c - a +0 robe (worn)
 d - a +0 buckler
   (You found it on level 5 of the Dungeon)
 n - a cursed +0 cloak (worn)
   (You found it on level 6 of the Dungeon)
Magical Staves
 o - an uncursed staff of fire {rF+}
   (You found it on level 7 of the Dungeon)
Scrolls
 h - a scroll of blinking {!r}
 j - 3 scrolls of teleportation
 m - 2 scrolls of identify


   Skills:
 - Level 1.5 Dodging
 + Level 4.9 Stealth
 - Level 2.6 Spellcasting
   Level 0.7 Conjurations
 + Level 4.9 Ice Magic


You had 6 spell levels left.
You knew the following spells:

 Your Spells              Type           Power        Failure   Level  Hunger
a - Freeze                Ice            ###.         2%          1    N/A
b - Ozocubu's Armour      Chrm/Ice       ##......     21%         3    N/A

Dungeon Overview and Level Annotations

Branches:
Dungeon (7/15)
 Temple: D:4-7

Altars:
Trog

Shops:
D:7 =

Annotations:
D:5 exclusions: shadow imp and skeleton


Innate Abilities, Weirdness & Mutations

You do not eat or drink.
Your flesh is vulnerable to fire.
You are immune to poison.
Your flesh is cold resistant. (rC+)
You are immune to negative energy. (rN+++)
You are immune to unholy pain and torment.
You can survive without breathing.


Message History

Firing (i - inventory. (/) - cycle)
l - 7 sling bullets (quivered)
Press: ? - help, Shift-Dir - straight line, f/p - hound
Aim: a hound (lightly wounded)
You shoot a sling bullet.
The sling bullet barely misses the hound.
The hound bites you.
Casting: Freeze (safe; 2% risk of failure)
Confirm with . or Enter, or press ? or * to list all spells.
Aiming: Freeze (safe; 2% risk of failure)
Press: ? - help, Shift-Dir - straight line, f/p - hound
Aim: a hound (lightly wounded)
You freeze the hound.
The hound is heavily wounded.
The hound bites you. x2
Casting: Freeze (safe; 2% risk of failure)
Confirm with . or Enter, or press ? or * to list all spells.
Aiming: Freeze (safe; 2% risk of failure)
Press: ? - help, Shift-Dir - straight line, f/p - hound
Aim: a hound (moderately wounded)
You freeze the hound.
The hound is heavily wounded.
The hound bites you but does no damage.
Casting: Freeze (safe; 2% risk of failure)
Confirm with . or Enter, or press ? or * to list all spells.
Aiming: Freeze (safe; 2% risk of failure)
Press: ? - help, Shift-Dir - straight line, f/p - hound
Aim: a hound (heavily wounded)
You freeze the hound.
The hound is almost dead.
The hound barely misses you. The hound bites you.
Casting: Freeze (safe; 2% risk of failure)
Confirm with . or Enter, or press ? or * to list all spells.
Aiming: Freeze (safe; 2% risk of failure)
Press: ? - help, Shift-Dir - straight line, f/p - hound
Aim: a hound (almost dead)
You freeze the hound.
You kill the hound!
You start resting.
Magic restored.
HP restored.
l - 7 sling bullets (gained 1)
l - 8 sling bullets (gained 1) Done exploring.
Done exploring.
Done exploring.
There is a stone staircase leading down here.
You climb downwards.
You hear the roar of battle.
There is an entrance to a bailey on this level.
Hurry and find it before the portal closes forever!
There is a stone staircase leading up here.
An orc, an orc wizard, a centaur and a skeleton come into view.
Found a stone staircase leading up.
The centaur wields a shortbow.
The centaur shoots an arrow.
The arrow hits you!
You hear a shout! x2
You hear a shout! x3
You see here a curved glowing staff.
o - a curved glowing staff The orc shouts!
A bullfrog comes into view.
There is a stone staircase leading up here.
You climb upwards.
There is a stone staircase leading down here.
Wield which item (- for none, * to show all)? (? for menu, Esc to quit)
o - an uncursed staff of fire (weapon)
Wield which item (- for none, * to show all)? (? for menu, Esc to quit)
b - a +0 hunting sling (weapon)
You open the door.
There is an open door here.
You see here a leather armour.
There is a stone staircase leading down here.
You climb downwards.
You hear the roar of battle.
There is an entrance to a bailey on this level.
Hurry and find it before the portal closes forever!
You hear the faint creaking of a portcullis nearby. 2 orcs and an orc warrior come into view.
The centaur shouts!
The orc warrior hits you from afar with a trident!
The orc misses you.
The orc wizard mumbles some strange words.
The orc wizard flickers and vanishes!
Deactivating autopickup; reactivate with Ctrl-A.
The orc warrior hits you from afar with a trident.
The orc closely misses you. The orc barely misses you.
Found 16 gold pieces and a dark potion.
Found Fim Ifea's Jewellery Shop.
There is a stone staircase leading up here.
The centaur unwields an uncursed shortbow.
The centaur hits you.
The orc warrior hits you from afar with a trident!
* * * LOW HITPOINT WARNING * * *
The orc closely misses you. The orc barely misses you.
You climb upwards.
There is a stone staircase leading down here.
Really read
h - 2 scrolls of blinking {!r}?
Blink to where?
Press: ? - help, Dir - move target cursor You are very lightly contaminated with residual magic.
As you read the scroll of blinking {!r}, it crumbles to dust.
The centaur wields an uncursed shortbow.
The centaur shoots an arrow.
The arrow hits you.
You die...

######## ####### #####......#
#.....# #..........########
#.....# #.##.......##.....#
####.....# ##.##.......##.....#
#........#
.............#.....###.###'######
#####.....>..#..@.........'......
...##........#......##.##.......#
##.###.......#......##.##.......#
#..................##.##.......#
#..###.####.#......##.###.......
##...........#...o..##.#########.
..#..##..#####.#.§.###.##........
.....[...........oc.......[......
.....#.#.#####.....###.##........


You could see a centaur and 2 orcs.

Vanquished Creatures
  2 bullfrogs (D:6)
  A scorpion (D:3)
  An orc priest (D:4)
  2 hounds (D:6)
  An orc wizard (D:4)
  An iguana (D:5)
  A worker ant (D:4)
  3 gnolls (D:4)
  7 adders
  A worm (D:2)
  6 leopard geckos
  5 orcs
  A ball python (D:4)
  2 bats
  4 giant cockroaches
  2 goblins
  3 hobgoblins
  3 quokkas
  5 frilled lizards
  7 rats
58 creatures vanquished.

Notes
Turn   | Place    | Note
-------+----------+-------------------------------------------
     0 | D:1      | sankara the Mummy Ice Elementalist began the quest for the Orb.
     0 | D:1      | Reached XP level 1. HP: 13/13 MP: 4/4
   177 | D:2      | Reached skill level 2 in Stealth
   323 | D:3      | Reached XP level 2. HP: 19/19 MP: 2/5
   385 | D:3      | You fall through a shaft for 2 floors!
   385 | D:5      | Entered Level 5 of the Dungeon
   548 | D:4      | Reached skill level 3 in Ice Magic
   548 | D:4      | Reached XP level 3. HP: 24/24 MP: 5/7
   572 | D:4      | Learned a level 3 spell: Ozocubu's Armour
   819 | D:4      | Noticed an ogre
   941 | D:4      | Reached XP level 4. HP: 30/30 MP: 6/8
  1065 | D:1      | Reached skill level 3 in Stealth
  1983 | D:3      | HP: 7/30 [scorpion (1)]
  1984 | D:3      | Reached XP level 5. HP: 8/35 MP: 2/9
  2300 | D:4      | Reached skill level 4 in Ice Magic
  2571 | D:4      | Reached skill level 4 in Stealth
  3030 | D:5      | Reached XP level 6. HP: 19/41 MP: 3/10
  3695 | D:6      | Found a bloodstained altar of Trog.
  4462 | D:7      | Found Fim Ifea's Jewellery Shop.
  4462 | D:7      | Noticed an orc warrior
  4463 | D:7      | HP: 1/41 [orc warrior/trident (16)]
  4465 | D:6      | Shot with an arrow by a centaur

Vault maps used:
D:1:      lightli_arrival_statue_moat, serial_forest,
          infiniplex_forest_clump_large, infiniplex_forest_clump_double,
          infiniplex_forest_straight_5, infiniplex_forest_lined_room_2,
          infiniplex_forest_clump_small, infiniplex_forest_clump_curved,
          infiniplex_forest_lined_room_2, infiniplex_forest_3_way,
          infiniplex_forest_lined_2, ashenzari_altar_1
D:5:      first_ration, serial_bayou_lake_a
D:6:      minmay_holes, trog_book
D:7:      temple_doors_cd, enter_bailey_2, serial_shops, shop,
          nicolae_shop_behind_doors, nicolae_shop_overgrown_old_shop,
          shop_fountains

Skill      XL: |  1  2  3  4  5 |
---------------+----------------+-----
Stealth        | 2 3 4 |  4.9
Ice Magic      | 3 4 |  4.9
Dodging        | |  1.5
Spellcasting   | |  2.6
Conjurations   | |  0.7

Action                   |  1- 3 |  4- 6 || total
-------------------------+-------+-------++-------
Melee: Unarmed           |     6 |       ||     6
       Dagger            |     5 |       ||     5
 Fire: Hunting sling     |     7 |   106 ||   113
Throw: Stone             |     1 |       ||     1
 Cast: Freeze            |    27 |    71 ||    98
  Use: Scroll            |     1 |     6 ||     7
 Stab: Sleeping          |     1 |       ||     1
Armor: Robe              |     6 |    14 ||    20
Dodge: Dodged            |    19 |    49 ||    68

Table legend:
 A = Spawn XP
 B = Non-spawn XP
 C = Spawn XP percentage of total XP
 D = Spawn monster count
 E = Non-spawn monster count
 F = Spawn count percentage of total count
 G = Total turns spent on level
                    A         B        C        D         E        F      G
               +---------+---------+-------+---------+---------+-------+---------
         Total |       0 |     705 |   0.0 |       0 |      58 |   0.0 |  4465
               +---------+---------+-------+---------+---------+-------+---------
           D:1 |       0 |      13 |   0.0 |       0 |       8 |   0.0 |   218
           D:2 |       0 |      40 |   0.0 |       0 |      14 |   0.0 |   774
           D:3 |       0 |     114 |   0.0 |       0 |      13 |   0.0 |   695
           D:4 |       0 |     190 |   0.0 |       0 |      13 |   0.0 |  1230
           D:5 |       0 |      56 |   0.0 |       0 |       4 |   0.0 |   526
           D:6 |       0 |     292 |   0.0 |       0 |       6 |   0.0 |  1007
               +---------+---------+-------+---------+---------+-------+---------

Vault maps used:
D:1:      lightli_arrival_statue_moat, serial_forest,
          infiniplex_forest_clump_large, infiniplex_forest_clump_double,
          infiniplex_forest_straight_5, infiniplex_forest_lined_room_2,
          infiniplex_forest_clump_small, infiniplex_forest_clump_curved,
          infiniplex_forest_lined_room_2, infiniplex_forest_3_way,
          infiniplex_forest_lined_2, ashenzari_altar_1
D:5:      first_ration, serial_bayou_lake_a
D:6:      minmay_holes, trog_book
D:7:      temple_doors_cd, enter_bailey_2, serial_shops, shop,
          nicolae_shop_behind_doors, nicolae_shop_overgrown_old_shop,
          shop_fountains

Table legend:
 A = Turns spent in this place as a percentage of turns spent in the entire game.
 B = Non-inter-level travel turns spent in this place as a percentage of non-inter-level travel turns spent in the entire game.
 C = Inter-level travel turns spent in this place as a percentage of turns spent in this place.
 D = Turns resting spent in this place as a percentage of non-inter-level travel turns spent in this place.
 E = Turns spent auto-exploring this place as a percentage of non-inter-level travel turns spent in this place.
 F = Non-inter-level travel turns spent in this place divided by the number of levels of this place that you've seen.
                   A       B       C       D       E      F
               +-------+-------+-------+-------+-------+----------------------
         Total | 100.0 | 100.0 |   6.4 |  39.2 |  19.2 | 597.3
       Dungeon | 100.0 | 100.0 |   6.4 |  39.2 |  19.2 | 597.3
               +-------+-------+-------+-------+-------+----------------------

Table legend:
 A = Kills in this place as a percentage of kills in entire the game.
 B = Kills by you in this place as a percentage of kills by you in the entire game.
 C = Kills by friends in this place as a percentage of kills by friends in the entire game.
 D = Other kills in this place as a percentage of other kills in the entire game.
 E = Experience gained in this place as a percentage of experience gained in the entire game.
 F = Experience gained in this place divided by the number of levels of this place that you have seen.
                   A       B       C       D       E      F
               +-------+-------+-------+-------+-------+----------------------
         Total | 100.0 | 100.0 |   N/A |   N/A | 100.0 | 100.7
       Dungeon | 100.0 | 100.0 |   N/A |   N/A | 100.0 | 100.7
               +-------+-------+-------+-------+-------+----------------------
